 Dungeon Crawl Stone Soup version 0.21.1-1-g345015f (webtiles) character file.

9053 aMcNicky the Spear-Bearer (level 11, 0/87 HPs)
             Began as a Merfolk Gladiator on Mar 13, 2018.
             Was an Elder of Zin.
             Slain by Snorg (10 damage)
             ... on level 10 of the Dungeon.
             The game lasted 00:45:31 (11128 turns).

aMcNicky the Spear-Bearer (Merfolk Gladiator)      Turns: 11128, Time: 00:45:32

Health: 0/87       AC: 12    Str: 15    XL:     11   Next: 40%
Magic:  17/17      EV: 18    Int:  9    God:    Zin [****..]
Gold:   361        SH:  0    Dex: 17    Spells: 10/10 levels left

rFire    + . .     SeeInvis .   x - +2 spear (venom)
rCold    + . .     Gourm    +   (no shield)
rNeg     . . .     Faith    .   p - +0 ring mail
rPois    .         Spirit   .   c - +1 helmet
rElec    .         Reflect  .   C - +0 cloak
rCorr    .         Harm     .   F - +0 pair of gloves
MR       .....                  z - +0 pair of boots
Stlth    +.........             g - amulet of the gourmand
HPRegen  0.24/turn              h - ring of protection from cold
MPRegen  0.15/turn              i - ring of protection from fire

@: no status effects
A: change form in water, swift swim, stealthy swim
a: Recite, Vitalisation, Imprison, Donate Gold, Renounce Religion


You were on level 10 of the Dungeon.
You worshipped Zin.
Zin was greatly pleased with you.
You were full.

You visited 1 branch of the dungeon, and saw 10 of its levels.

You collected 441 gold pieces.
You donated 80 gold pieces to Zin.

Inventory:

Hand Weapons
 a - a +1 trident
 x - a +2 spear of venom (weapon)
 G - a +3 spear of freezing
Armour
 b - a +0 leather armour
 c - a +1 helmet (worn)
 p - a +0 ring mail (worn)
 z - a +0 pair of boots (worn)
 C - a +0 cloak (worn)
 F - a +0 pair of gloves (worn)
Jewellery
 g - an amulet of the gourmand (around neck)
 h - a ring of protection from cold (left hand)
 i - a ring of protection from fire (right hand)
Wands
 I - a wand of enslavement (11)
Scrolls
 o - 2 scrolls of teleportation
 q - 3 scrolls of magic mapping {unknown}
 r - a scroll of fear {unknown}
 v - a scroll of fog {unknown}
 y - a scroll of blinking {unknown}
 B - a scroll of remove curse {@r2}
 D - a scroll of identify {@r1}
Potions
 d - a potion of cancellation {unknown}
 e - a potion of flight {unknown}
 j - a potion of haste {unknown}
 k - 2 potions of mutation
 l - a potion of degeneration {unknown}
 m - 4 potions of curing {@q1}
 n - a potion of ambrosia {unknown}
 t - 2 potions of brilliance
 u - a potion of heal wounds
 A - a potion of berserk rage {unknown}
Books
 s - a book of Misfortune

   Spells                             Type                      Level
   a - Confusing Touch                Hexes                        1
   b - Confuse                        Hexes                        3
   c - Gell's Gravitas                Translocation                3
   d - Petrify                        Transmutation/Earth          4
   e - Metabolic Englaciation         Hexes/Ice                    5
   f - Yara's Violent Unravelling     Hexes/Transmutation          5
 w - a book of Cantrips

   Spells                             Type                      Level
   a - Confusing Touch                Hexes                        1
   b - Animate Skeleton               Necromancy                   1
   c - Summon Small Mammal            Summoning                    1
   d - Apportation                    Translocation                1
Comestibles
 f - 10 rations


   Skills:
 + Level 8.8 Fighting
 - Level 12.0 Polearms
 - Level 2.0 Throwing
 + Level 5.8 Armour
 + Level 10.8 Dodging
 + Level 8.7 Invocations


You had 10 spell levels left.
You didn't know any spells.

Dungeon Overview and Level Annotations

Branches:
Dungeon (11/15)
 Temple: D:4-7         Lair: D:8-11         Orc: D:9-12

Altars:
Ashenzari
Cheibriados
Elyvilon
Kikubaaqudgha
Sif Muna
Wu Jian
Yredelemnul
Zin

Shops:
D:4 :   D:7 ?   D:10 *

Annotations:
D:10 Snorg


Message History

Snorg is lightly wounded.
Snorg goes berserk!
You puncture Snorg!
Snorg looks as sick as possible!
Snorg is lightly wounded.
Snorg bites you!! Snorg claws you! Snorg completely misses you.
Snorg misses you. Snorg claws you but does no damage. Snorg claws you!
The sky beast flickers out of sight!
Deactivating autopickup; reactivate with Ctrl-A.
Snorg rages.
Snorg closely misses you. Snorg claws you but does no damage. Snorg claws you.
You are ready to recite again.
Snorg rages.
Snorg bites you but does no damage. Snorg claws you.
Snorg claws you but does no damage.
Snorg is no longer dazed.
Snorg rages.
Snorg bites you!!
* * * LOW HITPOINT WARNING * * *
Snorg claws you!
You die...

##..### #..# #.# ##.##.#
##....# ##.# #. #.# .#
...##.# #.# #.# #.# ##
...##.# #o## #.# #.#
...##.######..# ####.#
#.# #####.....###.#
#....# #########.###)#
#....#
....#####..##.###....#
###......#......@<...#
######.....##T.....#
##########......#....###
...........###...........
.#...#>##### ####...)####
.......# #.#### .∩.≈..##
#.# ......# #.# .§....#
#.#


You could see Snorg (berserk).

Vanquished Creatures
  3 two-headed ogres
  Pikel (D:7)
  Psyche (D:8)
  Prince Ribbit (D:6)
  A hippogriff (D:9)
  Sigmund (D:2)
  11 yaks
  A hungry ghost (D:10)
  A water moccasin (D:8)
  6 ice beasts
  2 orc warriors (D:7)
  A phantom (D:8)
  3 sky beasts
  A slave (D:6)
  6 ogres
  4 centaurs
  A big kobold (D:7)
  4 bullfrogs
  A wyvern zombie (D:9)
  A gnoll sergeant (D:10)
  4 scorpions
  7 howler monkeys
  5 wights (D:10)
  2 crimson imps
  A centaur zombie (D:6)
  A quasit (D:7)
  2 hounds
  2 jellies
  3 orc priests (D:8)
  The ghost of inc the Scratcher, a weakling FeTm (D:3)
  Jessica (D:2)
  2 orc wizards
  3 worker ants
  3 iguanas
  2 hell rats (D:8)
  A howler monkey zombie (D:8)
  10 gnolls
  13 adders
  5 river rats (D:8)
  A worm (D:3)
  A dart slug (D:3)
  4 leopard geckos
  23 orcs
  5 giant cockroaches
  2 goblins
  4 hobgoblins
  5 jackals
  6 kobolds
  7 quokkas (D:8)
  6 bats
  3 frilled lizards
  20 rats
  A spectral orc (D:7)
207 creatures vanquished.

Vanquished Creatures (others)
  2 bullfrogs (D:7)
  A jackal (D:7)
3 creatures vanquished.

Grand Total: 210 creatures vanquished

Notes
Turn   | Place    | Note
-------+----------+-------------------------------------------
     0 | D:1      | aMcNicky the Merfolk Gladiator began the quest for the Orb.
     0 | D:1      | Reached XP level 1. HP: 16/16 MP: 1/1
   641 | D:2      | Reached XP level 2. HP: 21/23 MP: 2/2
   672 | D:2      | Noticed Jessica
   697 | D:2      | Killed Jessica
   697 | D:2      | Reached skill level 5 in Polearms
   697 | D:2      | Reached XP level 3. HP: 4/28 MP: 3/3
  1099 | D:2      | Noticed Sigmund
  1284 | D:2      | Reached XP level 4. HP: 25/34 MP: 4/4
  1528 | D:2      | Reached skill level 1 in Armour
  2243 | D:3      | Found a glowing silver altar of Zin.
  2306 | D:3      | Became a worshipper of Zin the Law-Giver
  2307 | D:3      | Donated 36 gold pieces to Zin
  2550 | D:3      | Reached * piety under Zin
  2619 | D:3      | Reached skill level 6 in Polearms
  2815 | D:3      | Noticed inc's ghost (weakling FeTm)
  2872 | D:3      | Killed inc's ghost
  2872 | D:3      | Reached XP level 5. HP: 33/41 MP: 5/5
  3310 | D:2      | Zin protects you from harm!
  3316 | D:2      | Killed Sigmund
  3316 | D:2      | Reached skill level 5 in Dodging
  3316 | D:2      | Reached XP level 6. HP: 6/47 MP: 5/7
  3683 | D:4      | Found a white marble altar of Elyvilon.
  3683 | D:4      | Found a deep blue altar of Sif Muna.
  3692 | D:4      | Reached skill level 7 in Polearms
  3962 | D:4      | Reached ** piety under Zin
  4030 | D:4      | Found Lius's Book Shop.
  4211 | D:4      | Reached XP level 7. HP: 47/53 MP: 9/9
  4434 | D:4      | You fall through a shaft for 2 floors!
  4491 | D:6      | Noticed Prince Ribbit
  4512 | D:6      | Killed Prince Ribbit
  4913 | D:6      | Reached skill level 8 in Polearms
  5074 | D:6      | Reached XP level 8. HP: 61/61 MP: 9/11
  5390 | D:7      | Noticed Pikel
  5443 | D:7      | Killed Pikel
  5443 | D:7      | Reached skill level 9 in Polearms
  5482 | D:7      | Reached skill level 5 in Fighting
  5512 | D:7      | Found a shattered altar of Ashenzari.
  5599 | D:7      | Reached skill level 5 in Invocations
  5648 | D:7      | Found a snail-covered altar of Cheibriados.
  5723 | D:7      | Found an ornate altar of the Wu Jian Council.
  5736 | D:7      | Reached skill level 10 in Polearms
  5736 | D:7      | Reached XP level 9. HP: 68/68 MP: 12/12
  5990 | D:7      | Found Nuuptunk's Magic Scroll Shop.
  5993 | D:7      | Reached *** piety under Zin
  6139 | D:7      | Found a basalt altar of Yredelemnul.
  6825 | D:8      | Noticed a two-headed ogre
  6865 | D:8      | Killed a two-headed ogre
  6865 | D:8      | Reached skill level 11 in Polearms
  6974 | D:8      | Noticed Psyche
  7001 | D:8      | Killed Psyche
  7001 | D:8      | Reached XP level 10. HP: 20/77 MP: 14/14
  7508 | D:8      | Reached skill level 12 in Polearms
  8218 | D:9      | Found an ancient bone altar of Kikubaaqudgha.
  8299 | D:9      | Reached **** piety under Zin
  8444 | D:9      | Noticed a two-headed ogre
  8468 | D:9      | Killed a two-headed ogre
  8547 | D:9      | Reached skill level 5 in Armour
  9079 | D:9      | Reached skill level 10 in Dodging
  9092 | D:9      | Reached XP level 11. HP: 82/86 MP: 16/16
  9875 | D:9      | Noticed a two-headed ogre
  9927 | D:9      | Killed a two-headed ogre
 10176 | D:10     | Entered Level 10 of the Dungeon
 10224 | D:10     | Noticed Snorg
 10427 | D:10     | Found Uxzab's Elemental Accessories.
 10844 | D:11     | Noticed a two-headed ogre
 10844 | D:11     | Noticed a two-headed ogre
 11128 | D:10     | Slain by Snorg

Skill      XL: |  1  2  3  4  5  6  7  8  9 10 11 |
---------------+----------------------------------+-----
Polearms       | 5 6 7 8 10 11 12 | 12.0
Armour         | 1 2 3 4 5 |  5.8
Fighting       | 3 4 5 6 8 |  8.8
Dodging        | 5 6 7 8 10 | 10.8
Invocations    | 2 4 5 6 7 8 |  8.7
Throwing       | |  2.0

Action                   |  1- 3 |  4- 6 |  7- 9 | 10-12 || total
-------------------------+-------+-------+-------+-------++-------
Melee: Trident           |    50 |   178 |    56 |       ||   284
       Spear             |       |       |   193 |   668 ||   861
Throw: Throwing net      |     1 |     2 |       |     4 ||     7
Invok: Donate Gold       |       |     1 |       |       ||     1
       Recite            |       |     1 |     1 |    11 ||    13
       Vitalisation      |       |       |     1 |       ||     1
  Use: Scroll            |     2 |     5 |     2 |     4 ||    13
       Potion            |       |     2 |     1 |     1 ||     4
 Stab: Sleeping          |     2 |     1 |       |       ||     3
       Distracted        |       |     1 |       |       ||     1
       Held in net/web   |       |       |       |     4 ||     4
       Confused          |       |       |       |     5 ||     5
       Invisible         |       |       |       |     1 ||     1
  Eat: Chunk             |     5 |    16 |     7 |    19 ||    47
Armor: Leather armour    |    13 |    12 |       |       ||    25
       Ring mail         |       |    24 |    53 |    76 ||   153
Dodge: Dodged            |    50 |    98 |   138 |   273 ||   559
